Map: Ephemeron LE

Players

ViBE - Winner!

  • Race: Zerg Zerg
  • League: Grandmaster
  • Spawn Location: 5:00

True

  • Race: Zerg Zerg
  • League: Master
  • Spawn Location: 11:00

VOD

Have the link to the VOD?

Description

Time

  • Played on: Nov. 18, 2019, 9 p.m.
  • Length: 6:03
Show
View Real Time Build Order
Export as new Build Order

ViBE Zerg - Winner!

Build Orders: Hatch First 

Get SALT Encoding   

  12  0:00  Drone  
  13  0:12  Overlord  
  13  0:18  Drone  
  14  0:31  Drone  
  14  0:32  Drone  
  16  0:37  Drone  
  17  0:52  Hatchery  
  16  0:57  Drone  
  16  0:59  Drone  
  18  1:12  Extractor  
  18  1:14  Spawning Pool  
  16  1:22  Drone  
  16  1:23  Drone  
  18  1:35  Drone  
  19  1:52  Overlord  
  19  1:56  Drone  
  20  2:13  Drone  
  20  2:14  Queen x2, Drone  
  26  2:18  Metabolic Boost  
  26  2:21  Drone  
  26  2:22  Drone x2  
  29  2:35  Drone x2  
  31  2:42  Overlord  
  31  2:48  Hatchery  
  31  2:51  Zergling x4  
  31  2:56  Queen  
  34  3:03  Drone x2  
  36  3:08  Roach Warren  
  35  3:13  Overlord  
  35  3:15  Overlord  
  35  3:27  Drone x5  
  35  3:33  Zergling x6  
  43  3:44  Zergling x4  
  45  3:49  Overlord  
  45  3:50  Overlord  
  44  4:06  Roach  
  44  4:07  Roach x6  
  58  4:13  Roach  
  60  4:27  Roach  
  60  4:29  Zergling x20  
  70  4:35  Zergling x2  
  70  4:36  Zergling x2  
  70  4:41  Zergling x2  
  70  4:46  Zergling x4  
  70  4:50  Roach  
  72  5:04  Zergling x2  
  72  5:05  Zergling x6  
  75  5:09  Zergling x2  
  75  5:13  Zergling x8  
  80  5:15  Overlord x3  
  80  5:17  Zergling x2  
  77  5:33  Zergling x14  
Show
View Real Time Build Order
Export as new Build Order

True Zerg 

Build Orders: Hatch First 

Get SALT Encoding   

  12  0:01  Drone  
  13  0:12  Overlord  
  13  0:17  Drone  
  14  0:31  Drone x2  
  16  0:50  Hatchery  
  16  0:55  Drone  
  17  0:57  Drone  
  17  1:06  Extractor  
  16  1:13  Spawning Pool  
  16  1:15  Drone  
  16  1:19  Drone  
  16  1:22  Drone  
  18  1:29  Drone  
  19  1:41  Drone  
  20  1:51  Overlord  
  20  1:59  Queen  
  22  2:01  Queen  
  24  2:09  Metabolic Boost  
  24  2:13  Drone x3  
  27  2:16  Drone  
  27  2:22  Drone  
  29  2:39  Hatchery  
  29  2:42  Drone x2  
  30  2:47  Baneling Nest  
  29  2:53  Queen  
  29  2:56  Zergling x2  
  32  2:58  Zergling x2  
  32  3:00  Drone  
  32  3:05  Overlord  
  34  3:07  Drone  
  34  3:10  Drone  
  36  3:24  Overlord  
  36  3:25  Drone x4, Zergling x2  
  41  3:29  Zergling x2  
  41  3:31  Baneling  
  42  3:36  Zergling x2  
  42  3:37  Overlord  
  43  3:41  Drone  
  43  3:42  Drone  
  43  3:43  Drone  
  43  3:44  Drone x2  
  43  3:47  Drone  
  49  3:49  Drone  
  49  3:50  Drone  
  49  3:52  Drone  
  51  3:58  Drone  
  51  4:01  Drone  
  51  4:02  Drone  
  54  4:05  Evolution Chamber  
  53  4:10  Lair, Roach Warren  
  53  4:12  Baneling x2  
  53  4:14  Zergling x4  
  53  4:16  Zergling x2  
  54  4:21  Zergling x6  
  54  4:22  Zergling x2  
  57  4:26  Zergling x4  
  57  4:30  Zergling x2  
  57  4:31  Zergling x2  
  58  4:33  Extractor, Overlord  
  58  4:34  Zergling x4  
  57  4:41  Overlord  
  57  4:42  Queen  
  58  4:46  Extractor  
  57  4:58  Roach x4  
  57  4:59  Overlord  
  64  5:00  Roach x2  
  64  5:02  Roach  
  64  5:11  Zergling x12  
  72  5:14  Roach  
  72  5:20  Roach x2  
  72  5:23  Roach  
  72  5:27  Roach  
  67  5:33  Roach  
  59  5:35  Zergling x2  
  59  5:36  Zergling x2  
  59  5:40  Zergling x2  
Tags
 
Add a new tag
Caveats
  • Supply blocks, unpowered buildings, or Contaminate may cause inaccurate times.
  • Supply counts are checked every 10 seconds.